 Dungeon Crawl Stone Soup version 0.27-a0-1193-g8631133539 (webtiles) character file.

Game seed: 11552292546749935147

0 Froggeryz the Sneak (level 1, -1/19 HPs)
             Began as a Ghoul Delver on May 26, 2021.
             Slain by an orc wizard
             ... wielding a +0 dagger
              (3 damage)
             ... on level 3 of the Dungeon.
             The game lasted 00:00:36 (122 turns).

Froggeryz the Sneak (Ghoul Delver)                   Turns: 122, Time: 00:00:36

Health: -1/19      AC:  3    Str: 15    XL:     1   Next: 10%
Magic:  0/0        EV: 11    Int:  5    God:
Gold:   34         SH:  0    Dex: 10    Spells: 0/0 levels left

rFire    . . .     SeeInvis .     - Unarmed
rCold    + . .     Faith    .   (no shield)
rNeg     + + +     Spirit   .   a - +0 leather armour
rPois    ∞         Reflect  .   (no helmet)
rElec    .         Harm     .   (no cloak)
rCorr    .         Rampage  .   (no gloves)
Will     .....                  (no boots)
Stlth    +++.......             (no amulet)
HPRegen  0.00/turn              (no ring)
MPRegen  0.07/turn              (no ring)

@: no status effects
A: claws 1, cold resistance 1, negative energy resistance 3, inhibited
regeneration, torment resistance 2
a: no special abilities


You were on level 3 of the Dungeon.
You visited 1 branch of the dungeon, and saw 3 of its levels.

You collected 34 gold pieces.

Inventory:

Armour
 a - a +0 leather armour (worn)
 i - the +0 ring mail of the Ecumenical Temple {rF+ Will++}
   (You found it on level 5 of the Dungeon)

   It protects you from fire.
   It greatly increases your willpower.
Wands
 f - a wand of digging (3)
Scrolls
 b - a scroll of fog
 c - 2 scrolls of magic mapping
 d - a scroll of fear
 h - a scroll of immolation
Potions
 g - a potion of degeneration {unknown}


   Skills:
 - Level 3.2 Fighting
 - Level 1.7 Dodging
 - Level 5.4 Stealth
 * Level 2.2 Unarmed Combat


You couldn't memorise any spells.
You didn't know any spells.
Your spell library was empty.

Dungeon Overview and Level Annotations

Branches:
Dungeon (5/15)
 Temple: D:4-7

Altars:

Portals:
Sewer: D:3

Annotations:
D:3 Terence


Innate Abilities, Weirdness & Mutations

You thrive by killing the living.
You are immune to poison.
You have sharp fingernails.
Your flesh is cold resistant. (rC+)
You are immune to negative energy. (rN+++)
You do not regenerate when monsters are visible.
You are immune to unholy pain and torment.


Message History

Found 2 sedimented ruby potions and an amethyst potion.
A goblin, 2 orcs and an orc priest come into view.
The goblin moves out of view.
Your extra speed is starting to run out.
An adder and an orc come into view.
Found 4 gold pieces.
Found an escape hatch in the floor.
You see here an amethyst potion.
A ball python and a giant cockroach come into view.
Found an amethyst potion.
A quokka and a giant cockroach come into view.
You feel yourself slow down.
A giant cockroach, an orc and an orc wizard come into view.
Found a helmet.
An orc comes into view. It is wielding a +0 hand axe.
The orc wizard shouts!
The orc shouts! x2; The ball python hisses angrily.
The ball python closely misses you. The ball python barely misses you.
The orc wizard points at itself and mumbles some strange words.
The orc wizard flickers and vanishes!
Deactivating autopickup; reactivate with Ctrl-A.
Found 16 bolts.
Found a glowing drain.
The ball python closely misses you. The ball python grabs you.
The ball python constricts you. The giant cockroach bites you.
* * * LOW HITPOINT WARNING * * *
The ball python bites you but does no damage.
* * * LOW HITPOINT WARNING * * *
The ball python constricts you.
Found a stone staircase leading up.
You escape the ball python's grasp.
The giant cockroach bites you but does no damage.
Something hits you.
* * * LOW HITPOINT WARNING * * *
You hear some strange, mumbled words.
Something tries to affect you, but you resist.
The orc hits you but does no damage.
There is a stone staircase leading up here.
The giant cockroach bites you.
* * * LOW HITPOINT WARNING * * *
Something hits you.
You die...

.(##.....#.....#
..............# ...
..#.#..!.....# #.. .
#....###.#######..#
##..####..###.....#
#..###...o....#.##
....##.....##o[..(.
...S.#.#...#.r.o####.#
....$...#≈r≈#.SB@.....#
>.....# #BB≈#.#########
.. #≈≈≈### #≈≈≈# #≈∩≈
#≈≈≈


You could see 2 orcs, a quokka, a giant cockroach and a ball python.

Vanquished Creatures
  A quokka skeleton (D:4)
1 creature vanquished.

Notes
Turn   | Place    | Note
-------+----------+-------------------------------------------
     0 | D:5      | Froggeryz the Ghoul Delver began the quest for the Orb.
     0 | D:5      | Reached XP level 1. HP: 19/19 MP: 0/0
    38 | D:5      | Noticed a water moccasin zombie
    39 | D:5      | Identified the +0 ring mail of the Ecumenical Temple {rF+
                  | Will++}
   103 | D:3      | Found a faded altar of an unknown god.
   104 | D:3      | Noticed Terence
   106 | D:3      | Noticed an orc priest
   115 | D:3      | Noticed an orc wizard
   116 | D:3      | Found a glowing drain.
   122 | D:3      | Slain by an orc wizard

Illustrated notes

Levels and vault maps discovered:
D:3:      layout_rooms, hellmonk_ecumenical_altar_blasted, portal_sewer_entry_f,
          uniq_terence
D:4:      layout_basic, nemelex_dance_club_becter,
          gammafunk_temple_overflow_statue
D:5:      layout_cave_pools, uniq_duvessa, uniq_pikel, uniq_ijyb

Action                   || total
-------------------------++-------
Melee: Unarmed           ||     2
  Use: Potion            ||     1
Armor: Leather armour    ||     4
Dodge: Dodged            ||     6

Table legend: (Time is in decaauts)
 A = Elapsed time spent in this place.
 B = Non-inter-level travel time spent in this place.
 C = Inter-level travel time spent in this place.
 D = Time resting spent in this place.
 E = Time spent auto-exploring this place.
 F = Levels seen in this place.
 G = Mean time per level.
                   A        B        C        D        E       F      G
               +--------+--------+--------+--------+--------+-----+--------+
         Total |    107 |    107 |      0 |      0 |     31 |   3 |   35.7 |
       Dungeon |    107 |    107 |      0 |      0 |     31 |   3 |   35.7 |
               +--------+--------+--------+--------+--------+-----+--------+

Top non-repeatable levels by time:
     D:5: 44 daAuts
     D:3: 40 daAuts
     D:4: 22 daAuts
